Map: Ascension to Aiur LE

Players

Juxtapose

  • Race: Terran Terran
  • League: Gold
  • Spawn Location: 11:00

sMurF - Winner!

  • Race: Protoss Protoss
  • League: Platinum
  • Spawn Location: 5:00

VOD

https://youtu.be/8BMBGivncz8

Description

This was an interesting match where my opponent clearly outclassed me and started taking his time, so I was able to toy with certain units I don't normally get to use, like the Ghost.

I'd forgotten how small EMP's area of effect is in StarCraft II (it was much larger in the original game)! I've also never seen Tempests used before.

This game does drag on, and I knew I'd lost half way through, but learning experiences.

Time

  • Played on: Sept. 23, 2017, 9:58 p.m.
  • Length: 27:07
Show
View Real Time Build Order
Export as new Build Order

Juxtapose Terran 

Build Orders: MMM Bio 

Get SALT Encoding   

  12  0:01  SCV  
  13  0:13  SCV  
  14  0:18  Supply Depot  
  14  0:25  SCV  
  15  0:40  SCV  
  16  0:42  Barracks  
  16  0:48  Supply Depot  
  16  0:52  SCV  
  17  1:04  SCV  
  17  1:05  Refinery  
  18  1:16  SCV  
  19  1:22  Refinery  
  19  1:27  Supply Depot  
  19  1:28  SCV  
  20  1:41  Orbital Command  
  20  1:53  Barracks Reactor  
  20  2:04  Supply Depot  
  20  2:07  Barracks  
  20  2:17  Factory  
  20  2:29  SCV  
  20  2:37  Marine x2  
  22  2:44  SCV  
  23  2:55  Barracks Tech Lab  
  23  2:56  SCV  
  24  3:06  Factory Reactor  
  24  3:10  SCV  
  25  3:17  Command Center  
  25  3:24  Engineering Bay  
  25  3:34  Stimpack  
  25  3:36  Marine x2  
  27  3:42  SCV  
  27  3:46  Cyclone  
  31  3:54  Missile Turret  
  31  4:00  Cyclone  
  34  4:04  Marauder, Marine x2  
  37  4:13  SCV  
  32  4:22  Marine  
  33  4:25  SCV  
  34  4:31  Marine  
  34  4:35  Marauder  
  34  4:37  SCV  
  38  4:40  Orbital Command  
  38  4:49  SCV  
  39  4:57  Orbital Command, Marine x2  
  41  5:00  Cyclone  
  44  5:11  Marauder  
  46  5:14  Marine x2  
  48  5:22  Missile Turret  
  48  5:23  SCV x2  
  50  5:31  Marine  
  50  5:32  Marine  
  52  5:38  SCV x2  
  52  5:40  Terran Infantry Weapons Level 1  
  52  5:41  Combat Shields  
  56  5:50  Marauder, Marine x2  
  56  5:55  SCV  
  60  5:57  SCV  
  60  6:08  Marine x2  
  62  6:17  Supply Depot  
  62  6:37  Starport  
  62  6:38  Cyclone x2, SCV x2  
  62  6:39  Supply Depot  
  70  6:58  Armory  
  70  7:00  Marine x2, SCV x2  
  70  7:01  Marauder  
  76  7:12  SCV x2  
  78  7:22  Refinery  
  78  7:25  Refinery  
  78  7:30  Supply Depot  
  78  7:51  Marauder, Marine x2, SCV  
  74  8:03  SCV  
  68  8:09  Marine x2  
  68  8:12  Marine  
  63  8:17  Medivac  
  63  8:18  Cyclone x2  
  56  8:24  SCV  
  56  8:26  Marine x2  
  54  8:30  Marine  
  57  8:44  Marine  
  57  8:47  Medivac  
  60  8:49  Terran Infantry Armor Level 1  
  60  8:50  Cyclone  
  57  8:57  Marine x2  
  57  9:02  Marine  
  49  9:04  Cyclone  
  38  9:22  Cyclone  
  38  9:31  Marine x2  
  35  9:33  Marauder  
  35  9:36  Widow Mine  
  39  9:49  Marine x2  
  38  9:54  Marauder, Widow Mine  
  40  10:06  Marine  
  40  10:07  Marine  
  38  10:10  Command Center  
  38  10:11  Command Center  
  40  10:16  Marauder  
  41  10:24  Marine  
  41  10:27  Marine  
  43  10:31  Starport Tech Lab  
  43  10:37  Marauder  
  43  10:42  Marine  
  46  10:53  Medivac  
  46  10:56  Command Center  
  48  11:08  Marine x2  
  48  11:09  Marine  
  51  11:17  Barracks  
  51  11:23  Raven  
  53  11:26  Marine  
  53  11:27  Orbital Command, Marauder  
  56  11:33  Marine  
  56  11:38  Widow Mine  
  59  11:44  Marine  
  60  11:48  Marauder  
  60  11:49  Liberator  
  60  11:51  Marine  
  60  11:54  SCV  
  64  12:01  Marine  
  64  12:04  Missile Turret  
  64  12:05  Marine  
  64  12:06  SCV  
  64  12:08  Widow Mine x2  
  70  12:09  Marine  
  70  12:10  Marauder  
  70  12:14  Missile Turret, Planetary Fortress  
  77  12:19  Marine  
  77  12:21  Terran Infantry Weapons Level 2  
  78  12:23  Terran Vehicle Weapons Level 1  
  78  12:27  Marine  
  79  12:36  Widow Mine  
  79  12:37  Widow Mine  
  83  12:49  Medivac, Marine  
  83  12:50  Marine  
  87  12:59  SCV  
  88  13:11  SCV  
  89  13:15  Supply Depot  
  89  13:19  Medivac, Barracks Reactor  
  91  13:20  Marine x2  
  91  13:22  Marauder  
  91  13:23  SCV  
  96  13:31  Corvid Reactor  
  96  13:35  SCV  
  96  13:38  Marine x2, Supply Depot  
  99  13:43  Marauder  
  101  13:49  Viking  
  103  13:56  Marine x2  
  103  14:00  Supply Depot  
  105  14:04  Refinery  
  105  14:05  Marauder  
  105  14:07  Refinery  
  107  14:14  SCV  
  108  14:19  Viking  
  108  14:22  SCV  
  108  14:23  Marine x4  
  115  14:26  Marauder, SCV  
  118  14:34  SCV  
  118  14:38  SCV  
  120  14:41  Marine x4  
  124  14:46  SCV  
  125  15:14  Supply Depot  
  125  15:30  Terran Vehicle Weapons Level 2  
  125  15:32  Terran Infantry Weapons Level 3  
  125  15:35  Marine x2, Cyclone, SCV x2  
  125  15:37  Supply Depot  
  125  15:38  Marine  
  133  15:48  Supply Depot  
  133  15:59  Viking, Marine x2, Cyclone, SCV  
  133  16:00  Supply Depot  
  141  16:10  Marauder, Marine x2, SCV  
  141  16:11  SCV  
  147  16:18  Starport  
  147  16:22  Marine x2, SCV  
  150  16:28  Marine x2  
  150  16:29  Command Center  
  150  16:30  Viking  
  150  16:32  Marauder  
  156  16:34  SCV  
  157  17:02  SCV  
  157  17:03  Marine  
  157  17:27  Starport Tech Lab  
  157  17:32  Supply Depot  
  157  17:40  Viking, Marine x4, Cyclone x2  
  157  17:41  Marauder  
  171  17:54  Supply Depot  
  171  17:58  Marine x2  
  173  18:00  Marine x2  
  173  18:01  Marine  
  175  18:10  Viking  
  177  18:16  Marine x2  
  177  18:17  Supply Depot  
  177  18:18  Marine  
  92  18:36  Marine  
  92  18:37  Marine x4  
  92  18:40  Viking  
  73  18:50  Planetary Fortress  
  73  18:54  Marine x2  
  73  18:55  Marine x2  
  77  18:59  Viking  
  79  19:04  Cyclone x2  
  85  19:10  Viking  
  85  19:12  Marine  
  85  19:13  Marine  
  85  19:16  Missile Turret  
  89  19:29  Viking  
  89  19:30  Marine  
  89  19:31  SCV  
  93  19:36  Cyclone x2  
  99  19:40  Medivac  
  99  19:43  SCV  
  102  19:49  Ghost Academy  
  102  19:53  Refinery  
  102  19:54  Refinery  
  102  19:55  SCV  
  102  19:59  Viking  
  105  20:04  Marine x3  
  105  20:05  Marine x2  
  110  20:07  SCV  
  110  20:09  Concussive Shells  
  110  20:10  Medivac  
  113  20:19  SCV  
  114  20:23  Marauder  
  116  20:29  Viking  
  116  20:31  SCV  
  119  20:36  Marine x4  
  119  20:38  Personal Cloaking  
  119  20:40  Medivac  
  123  20:43  SCV  
  123  20:45  Marauder  
  126  20:54  Marine  
  127  20:59  Viking  
  129  21:05  Ghost  
  129  21:06  Marine x3  
  129  21:10  Medivac  
  136  21:11  Marine  
  136  21:23  Marine  
  136  21:24  Marine x2  
  139  21:29  Marine  
  140  21:33  Command Center  
  140  21:34  Ghost  
  142  21:40  Medivac  
  142  21:41  Marine x2  
  142  21:42  Viking, Marine  
  149  21:47  Marine  
  150  21:57  Terran Infantry Armor Level 2  
  150  21:59  Marine x3, Terran Vehicle And Ship Armor Level 1  
  153  22:02  Ghost  
  153  22:05  Marine  
  156  22:10  Medivac  
  156  22:12  Viking  
  160  22:17  Marine x3  
  163  22:23  Marine  
  164  22:31  Ghost  
  164  22:35  Marine x3  
  167  22:40  Medivac  
  167  22:41  Marine  
  170  22:53  Marine x3  
  172  22:58  Marine  
  172  22:59  Ghost  
  123  23:10  Medivac, Marine x2  
  123  23:11  Marine  
  76  23:16  Marine  
  72  23:28  Marine x4  
  76  23:34  Marine  
  76  23:40  Medivac  
  79  23:46  Marine x4, Factory Tech Lab  
  83  23:52  Marine  
  83  23:53  Terran Ship Weapons Level 1  
  84  24:04  Marine x3  
  84  24:09  Command Center  
  88  24:10  Marine  
  89  24:18  Ghost  
  89  24:21  Nuke  
  89  24:22  Marine x3  
  93  24:26  Missile Turret  
  93  24:33  Marine  
  94  24:39  Marine  
  94  24:40  Marine x2  
  97  24:47  Ghost  
  97  24:50  Viking  
  97  24:51  Marine  
  102  24:57  Marine  
  103  25:08  Marine x3  
  103  25:11  Thor  
  112  25:15  Marine, Ghost  
  112  25:20  Viking  
  117  25:22  Planetary Fortress  
  114  25:44  Ghost  
  113  26:13  Marauder  
  115  26:22  SCV  
  115  26:24  Starport Tech Lab  
  116  26:34  SCV  
Show
View Real Time Build Order
Export as new Build Order

sMurF Protoss - Winner!

Build Orders: Oracle Opening 

Get SALT Encoding   

  12  0:01  Probe (Chrono Boost)  
  13  0:11  Probe (Chrono Boost)  
  14  0:18  Pylon  
  14  0:22  Probe (Chrono Boost)  
  15  0:36  Probe (Chrono Boost)  
  15  0:41  Gateway  
  16  0:46  Assimilator  
  17  0:50  Probe (Chrono Boost)  
  17  1:00  Probe (Chrono Boost)  
  18  1:09  Pylon  
  18  1:12  Assimilator, Probe (Chrono Boost)  
  19  1:22  Probe (Chrono Boost)  
  20  1:30  Cybernetics Core  
  20  1:31  Zealot  
  22  1:34  Probe (Chrono Boost)  
  23  1:45  Probe (Chrono Boost)  
  24  1:55  Probe (Chrono Boost)  
  25  2:06  Probe (Chrono Boost)  
  25  2:07  Warp Gate  
  26  2:11  Stargate  
  26  2:16  Probe (Chrono Boost)  
  27  2:27  Probe (Chrono Boost)  
  28  2:36  Robotics Facility  
  28  2:37  Probe (Chrono Boost)  
  31  2:57  Nexus  
  29  2:58  Oracle (Chrono Boost)  
  31  3:07  Pylon  
  31  3:09  Pylon  
  31  3:25  Stalker  
  33  3:33  Mothership Core  
  35  3:43  Gateway  
  35  3:44  Immortal (Chrono Boost)  
  39  3:54  Gateway  
  39  3:58  Pylon  
  39  4:03  Probe  
  37  4:20  Probe  
  37  4:23  Probe  
  39  4:27  Immortal (Chrono Boost)  
  39  4:31  Probe  
  43  4:35  Probe  
  45  4:41  Probe  
  45  4:45  Stalker  
  48  4:48  Probe  
  48  4:52  Probe  
  49  4:54  Twilight Council  
  50  5:03  Probe  
  50  5:04  Stalker  
  50  5:06  Stalker  
  55  5:13  Probe  
  55  5:20  Immortal (Chrono Boost)  
  60  5:24  Sentry, Probe  
  63  5:32  Probe  
  63  5:35  Probe  
  64  5:39  Assimilator  
  65  5:44  Assimilator, Charge  
  65  5:47  Pylon  
  65  5:50  Zealot  
  65  5:51  Gateway, Zealot  
  69  5:58  Pylon  
  69  6:05  Pylon  
  69  6:06  Probe  
  71  6:11  Observer (Chrono Boost)  
  71  6:16  Probe  
  72  6:19  Forge  
  72  6:23  Forge  
  72  6:27  Probe  
  72  6:31  Nexus  
  73  6:38  Probe  
  74  6:41  Pylon  
  74  6:48  Probe  
  74  6:49  Pylon  
  74  6:51  Observer (Chrono Boost)  
  74  6:52  Probe  
  77  6:57  Protoss Ground Weapons Level 1 (Chrono Boost)  
  77  7:00  Protoss Ground Armor Level 1 (Chrono Boost)  
  77  7:03  Probe  
  77  7:05  Probe  
  77  7:08  Sentry x2  
  81  7:10  Zealot, Immortal  
  81  7:15  Probe  
  90  7:18  Probe  
  90  7:21  Robotics Bay  
  91  7:27  Probe  
  92  7:30  Probe  
  92  7:33  Zealot x2  
  97  7:39  Probe  
  94  7:46  Zealot  
  94  7:47  Zealot  
  99  7:51  Probe  
  97  8:06  Nexus  
  97  8:07  Zealot  
  97  8:08  Zealot  
  91  8:19  Probe  
  84  8:20  Probe  
  84  8:23  Zealot x2  
  89  8:27  Extended Thermal Lance  
  89  8:32  Probe x2  
  89  8:33  Stalker  
  93  8:35  Sentry  
  95  8:44  Probe x2  
  93  8:56  Probe x2  
  92  9:08  Probe x2  
  94  9:20  Probe x2  
  94  9:23  Probe  
  97  9:32  Probe  
  97  9:33  Probe  
  97  9:34  Probe  
  97  9:35  Colossus  
  97  9:36  Protoss Ground Weapons Level 2 (Chrono Boost)  
  97  9:37  Protoss Ground Armor Level 2 (Chrono Boost)  
  97  9:38  Nexus  
  106  9:44  Probe x2  
  106  9:45  Assimilator, Probe  
  106  9:50  Assimilator  
  106  9:52  Pylon  
  107  9:55  Probe, Zealot x2  
  107  9:57  Probe  
  113  10:05  Probe  
  111  10:09  Pylon  
  111  10:11  Zealot x2  
  111  10:13  Pylon  
  116  10:31  Colossus  
  122  10:38  Robotics Facility  
  122  10:39  Pylon  
  122  10:42  Templar Archives  
  122  10:43  Gateway  
  122  10:45  Gateway  
  122  10:47  Pylon  
  122  10:48  Probe  
  123  10:51  Pylon  
  123  10:54  Observer Gravitic Boosters  
  123  10:58  Probe  
  124  11:08  Pylon  
  124  11:09  Probe  
  124  11:11  Assimilator, Gateway  
  125  11:13  Gateway  
  125  11:15  Assimilator, Gateway  
  125  11:20  Photon Cannon, Probe  
  125  11:25  Colossus  
  126  11:30  Probe  
  133  11:32  Zealot  
  133  11:33  Zealot x2  
  133  11:34  High Templar  
  133  11:35  Psionic Storm  
  141  11:41  Colossus  
  147  11:48  Probe  
  147  11:51  Gravitic Drive  
  148  11:56  Photon Cannon  
  148  11:57  Photon Cannon  
  148  11:58  Probe  
  148  12:01  Photon Cannon  
  149  12:04  Photon Cannon  
  149  12:07  Pylon  
  149  12:10  Photon Cannon  
  149  12:18  Pylon  
  149  12:19  Warp Prism  
  151  12:22  High Templar  
  151  12:23  High Templar x4  
  151  12:28  Zealot x3  
  167  12:35  Immortal  
  167  12:36  Protoss Ground Weapons Level 3 (Chrono Boost)  
  171  12:38  Photon Cannon x2  
  171  12:40  Photon Cannon  
  171  12:42  Pylon  
  171  12:44  Pylon  
  171  12:47  Pylon  
  171  12:51  Pylon  
  171  12:54  Pylon  
  171  12:55  Immortal  
  171  12:57  Nexus  
  175  13:01  Pylon  
  175  13:05  Zealot x3  
  179  13:06  Zealot  
  179  13:07  Pylon  
  183  13:14  Pylon, Observer  
  183  13:17  Photon Cannon  
  183  13:19  Photon Cannon  
  184  13:20  Photon Cannon  
  184  13:28  Photon Cannon  
  184  13:31  Photon Cannon  
  184  13:34  Observer  
  184  13:35  Assimilator  
  184  13:40  Assimilator  
  185  13:45  Nexus  
  185  13:48  Assimilator, Photon Cannon  
  185  13:50  High Templar, Photon Cannon  
  185  13:52  High Templar, Pylon, Assimilator  
  185  13:55  Pylon  
  189  13:57  Photon Cannon  
  189  13:59  Pylon  
  189  14:00  Pylon  
  189  14:02  Pylon  
  189  14:30  Zealot  
  189  14:31  Zealot x4  
  199  14:40  Observer  
  200  14:55  Photon Cannon  
  200  14:56  Photon Cannon  
  200  15:00  Pylon  
  200  15:05  Photon Cannon  
  200  15:08  Photon Cannon  
  200  15:12  Photon Cannon  
  200  15:17  Photon Cannon  
  200  15:22  Pylon  
  200  15:25  Pylon  
  200  15:27  Pylon  
  200  15:28  Pylon  
  200  15:35  Photon Cannon  
  200  15:38  Photon Cannon  
  200  15:39  Pylon  
  200  15:44  Photon Cannon  
  200  15:47  Photon Cannon  
  200  16:03  Photon Cannon  
  200  16:04  Photon Cannon  
  200  16:06  Photon Cannon  
  200  16:08  Photon Cannon  
  200  16:09  Photon Cannon  
  200  16:19  Photon Cannon  
  200  16:20  Photon Cannon x2  
  200  16:24  Photon Cannon  
  200  16:25  Photon Cannon  
  200  16:27  Photon Cannon  
  200  16:29  Pylon  
  200  16:39  Dark Shrine  
  199  17:00  Stargate  
  199  17:02  Stargate  
  199  17:04  Stargate x2  
  199  17:07  Stargate x2  
  185  17:09  Pylon  
  184  17:23  Zealot  
  184  17:24  Zealot x5  
  184  17:25  Zealot x2  
  160  18:36  Fleet Beacon  
  150  19:10  Photon Cannon  
  150  19:11  Photon Cannon  
  150  19:14  High Templar x2  
  150  19:15  High Templar  
  155  19:28  Photon Cannon  
  155  19:30  Photon Cannon  
  155  19:32  Photon Cannon  
  155  19:34  Photon Cannon  
  155  19:36  Photon Cannon x2  
  155  19:38  Photon Cannon  
  155  19:40  Photon Cannon  
  155  19:42  Photon Cannon  
  155  19:44  Photon Cannon  
  155  19:48  Photon Cannon  
  155  19:51  Photon Cannon  
  155  19:57  Gateway  
  155  19:59  Pylon  
  155  20:02  Nexus  
  155  20:03  Pylon  
  155  20:05  Pylon  
  155  20:06  Pylon, Protoss Ground Armor Level 3  
  155  20:08  Pylon  
  155  20:09  Pylon  
  155  20:13  Protoss Shields Level 1  
  155  20:14  Tempest  
  155  20:15  Tempest x5  
  155  20:16  Tempest  
  155  20:19  Protoss Air Weapons Level 1 (Chrono Boost)  
  197  20:22  Graviton Catapult  
  195  20:38  Zealot  
  195  20:43  Observer  
  195  20:46  Observer  
  195  21:35  Observer  
  197  21:40  Observer  
  197  21:47  Protoss Air Armor Level 1 (Chrono Boost)  
  197  21:50  Dark Shrine  
  197  22:03  Assimilator  
  197  22:08  Assimilator  
  197  22:11  Photon Cannon  
  197  22:13  Photon Cannon  
  197  22:15  Photon Cannon  
  197  22:21  Photon Cannon  
  197  22:22  Photon Cannon  
  197  22:25  Photon Cannon  
  189  23:31  Tempest (Chrono Boost)  
  189  23:32  Zealot x2  
  189  23:33  Zealot x3  
  199  23:47  Protoss Shields Level 2  
  195  24:27  Nexus  
  194  24:44  Pylon  
  194  24:45  Pylon  
  184  25:30  Dark Templar x5  
  184  25:31  Dark Templar x3  
  183  26:42  Zealot x4  
  183  26:43  Zealot x4  
  183  26:44  Zealot  
  192  27:06  Zealot x3  
  192  27:07  Zealot  
Tags
 
Add a new tag
Caveats
  • Supply blocks, unpowered buildings, or Contaminate may cause inaccurate times.
  • Supply counts are checked every 10 seconds.